AoeStats
← MoTheGoat9511

Nomad

508755700Analyzed
2v2 RM · 8d ago on Sep 23, 2026· 22m 3s· 4 players
Game mode
Random Map
Map size
176×176
Population
200
Speed
Normal
Resources
Standard
Victory
Conquest
Starting age
Dark Age
Ending age
Imperial Age
RankedLock teamsTeams togetherTeam positionsShared explorationLock speedFull tech treeHidden civsTurbo modeCheats
Victory
Defeat
🇲🇽 Franks · Mexico
980
+13
🇲🇽 Armenians · Mexico
978
+13
🇺🇸 Sicilians · United States
937
-14
🇷🇺 Vietnamese · Russia
877
-12
MoTheGoat9511
F⇄LUCK
6:05 Loom
16:28 Feudal Age
18:58 Fishing Lines
19:13 Double-Bit Axe
20:01 Fletching
NeoGraieb
6:34 Loom
14:55 Feudal Age
18:43 Castle Age
Rulo
11:32 Loom
16:54 Feudal Age
17:54 Double-Bit Axe
17:38 Man-at-Arms
18:16 Fishing Lines
19:08 Gold Mining
18:51 Long Swordsman
20:34 Forging
20:25 Scale Mail Armor
21:49 Wheelbarrow
21:00 Town Watch
Connection lost

Rejoining the realm…

Still unreachable

The connection could not be restored.

Session expired

The server has moved on; the page needs a fresh start.